 Dungeon Sprint DCSS version 0.26-a0-771-g060e6a62af (webtiles) character file.

Game seed: 11938306750952674614

38455 MordorOrchid the Eclecticist (level 14, -17/88 HPs)
             Began as a Kobold Air Elementalist on Nov 8, 2020.
             Was a High Priest of Sif Muna.
             Demolished by a white very ugly thing (25 damage)
             ... in the Dungeon (Sprint IX: "|||||||||||||||||||||||||||||").
             The game lasted 00:40:24 (5924 turns).

MordorOrchid the Eclecticist (KoAE)                 Turns: 5924, Time: 00:40:25

Health: -17/88     AC:  9    Str:  6    XL:     14   Next: 34%
Magic:  15/35      EV: 29    Int: 20    God:    Sif Muna [*****.]
Gold:   227        SH:  0    Dex: 16    Spells: 7/47 levels left

rFire    . . .     SeeInvis .   y - +4 rapier (drain)
rCold    . . .     Faith    .   (shield restricted)
rNeg     . . .     Spirit   .   D - +2 robe {MR+}
rPois    +         Reflect  .   A - +2 hat
rElec    .         Harm     .   l - +0 cloak
rCorr    .         Rampage  .   o - +0 pair of gloves
MR       ++...     NoTele   +   z - +0 pair of boots
Stlth    +++.......             (no amulet)
HPRegen  0.24/turn              q - +2 ring of evasion
MPRegen  0.24/turn              L - ring of poison resistance

@: very slightly contaminated
A: small, nightstalker 3
a: Channel Magic, Forget Spell, Divine Exegesis, Renounce Religion


You were in the Dungeon.
You worshipped Sif Muna.
Sif Muna was extremely pleased with you.
You visited 1 branch You collected 1923 gold pieces.
You spent 1696 gold pieces at shops.

Inventory:

Hand Weapons
 b - a +0 club
 k - a +4 quarterstaff of speed
 m - a +2 scimitar of holy wrath
 n - a +3 war axe of freezing
 y - a +4 rapier of draining (weapon)
 B - a +0 arbalest
Missiles
 v - 16 arrows
 x - 42 bolts
 C - 4 boomerangs (quivered)
 K - a throwing net
Armour
 a - a +2 robe of cold resistance
 e - a +0 troll leather armour
 l - a +0 cloak (worn)
 o - a +0 pair of gloves (worn)
 z - a +0 pair of boots (worn)
 A - a +2 hat (worn)
 D - a +2 robe of magic resistance (worn)
 N - a +2 ring mail of cold resistance
 O - +1 ice dragon scales
 P - +0 swamp dragon scales
Jewellery
 p - an uncursed ring of protection from cold
 q - a +2 ring of evasion (left hand)
 r - an uncursed ring of ice
 L - a ring of poison resistance (right hand)
 M - an uncursed ring of protection from magic
Wands
 j - a wand of acid (1)
Scrolls
 g - 5 scrolls of remove curse
 h - a scroll of blinking
 i - 2 scrolls of amnesia
 s - 2 scrolls of fear
 t - 4 scrolls of enchant armour
 u - 2 scrolls of fog
Potions
 c - 5 potions of curing
 d - 15 potions of heal wounds
 f - 3 potions of magic
 w - 2 potions of might
 E - a potion of invisibility
 F - a potion of mutation
 G - 3 potions of lignification
 H - a potion of flight
 I - a potion of berserk rage
 J - 3 potions of brilliance
 Q - a potion of haste


   Skills:
 - Level 10.0 Fighting
 - Level 4.0 Short Blades
 - Level 15.0 Dodging
 - Level 3.0 Stealth
 + Level 17.4 Spellcasting
 - Level 12.0 Conjurations
 - Level 6.0 Summonings
 - Level 12.0 Transmutations
 * Level 15.2 Ice Magic
 - Level 12.0 Air Magic
 - Level 12.0 Earth Magic
 - Level 5.0 Invocations
 - Level 5.0 Evocations


You had 7 spell levels left.
You knew the following spells:

 Your Spells              Type           Power        Failure   Level
a - Shock                 Conj/Air       ####         1%          1
b - Airstrike             Air            ######....   1%          4
f - Lightning Bolt        Conj/Air       ######....   1%          5
g - Mephitic Cloud        Conj/Pois/Air  #####...     1%          3
j - Summon Lightning Spi  Summ/Air       ######..     1%          4
l - Freezing Cloud        Conj/Ice/Air   ######....   2%          6
r - Irradiate             Conj/Tmut      ######....   1%          5
s - Summon Ice Beast      Ice/Summ       ######..     1%          4
W - Swiftness             Air            ######..     1%          2
Y - Statue Form           Tmut/Erth      ######...    3%          6

Your spell library contained the following spells:

 Spells                   Type           Power        Failure   Level
 Freeze                   Ice            ####         0%          1
 Foxfire                  Conj/Fire      ####         1%          1
 Magic Dart               Conj           ####         1%          1
 Sandblast                Erth           ######       1%          1
 Sting                    Tmut/Pois      ####         1%          1
 Summon Small Mammal      Summ           ####         1%          1
 Call Imp                 Summ           #####...     1%          2
 Corpse Rot               Necr/Air       N/A          1%          2
 Passwall                 Tmut/Erth      ######..     1%          2
 Poisonous Vapours        Pois/Air       #####.       1%          2
 Searing Ray              Conj           ######       1%          2
 Call Canine Familiar     Summ           #####...     1%          3
 Dazzling Flash           Conj/Hex       #####.       1%          3
 Frozen Ramparts          Ice            ######       1%          3
 Ignite Poison            Fire/Tmut/Pois ####....     1%          3
 Static Discharge         Conj/Air       ######..     1%          3
 Stone Arrow              Conj/Erth      ######       1%          3
 Hailstorm                Conj/Ice       ######..     1%          4
 Petrify                  Tmut/Erth      ######..     1%          4
 Blade Hands              Tmut           ######....   1%          5
 Iskenderun's Battlesphe  Conj           ######..     1%          5
 Lee's Rapid Deconstruct  Erth           ######....   1%          5
 Summon Guardian Golem    Hex/Summ       ####....     2%          3
 Fulminant Prism          Conj/Hex       #####.....   2%          4
 Iskenderun's Mystic Bla  Conj/Tloc      #####...     2%          4
 Bolt of Magma            Conj/Fire/Erth #####.....   3%          5
 Conjure Ball Lightning   Conj/Air       ######....   3%          6
 Iron Shot                Conj/Erth      ######....   3%          6
 Borgnjor's Vile Clutch   Necr/Erth      #####.....   8%          5
 Fireball                 Conj/Fire      #####.....   8%          5
 Silence                  Hex/Air        #####.....   8%          5
 Dragon Form              Tmut           ######....   21%         7
 Orb of Destruction       Conj           ######....   21%         7
 Eringya's Noxious Bog    Tmut/Pois      #####.....   38%         6
 Starburst                Conj/Fire      #####.....   38%         6
 Spellforged Servitor     Conj/Summ      ######....   56%         7
 Chain Lightning          Conj/Air       ######....   83%         8
 Lehudib's Crystal Spear  Conj/Erth      ######....   83%         8
 Necromutation            Tmut/Necr      #####.....   100%        8
 Absolute Zero            Ice            ######....   100%        9
 Fire Storm               Conj/Fire      #####.....   100%        9
 Shatter                  Erth           ######....   100%        9
 Tornado                  Air            ######....   100%        9


Dungeon Overview and Level Annotations

Branches:
Dungeon (1/1)

Altars:
Cheibriados
Dithmenos
Elyvilon
Fedhas
Gozag
Hepliaklqana
Kikubaaqudgha
Makhleb
Nemelex Xobeh
Okawaru
Qazlal
Ru
Sif Muna
Trog
Uskayaw
Vehumet
Wu Jian
Xom
Yredelemnul
Zin
The Shining One
Beogh
Jiyva
Lugonu

Shops:
D [:=


Innate Abilities, Weirdness & Mutations

You are small and have problems with some larger weapons.
You are completely attuned to the shadows.


Message History

Casting: Mephitic Cloud (safe; 1% risk of failure)
Confirm with . or Enter, or press ? or * to list all spells.
Aiming: Mephitic Cloud (safe; 1% risk of failure)
Press: ? - help, Shift-Dir - straight line, f - cyan very ugly thing
Aim: a cyan very ugly thing The ball explodes into a vile cloud!
The stinking cloud engulfs the cyan very ugly thing but does no damage.
The cyan very ugly thing is engulfed in noxious fumes.
Casting: Mephitic Cloud (safe; 1% risk of failure)
Confirm with . or Enter, or press ? or * to list all spells.
You erupt in a fountain of uncontrolled magic!
The cyan very ugly thing is blasted with magical radiation!!
The cyan very ugly thing is moderately wounded.
The cyan very ugly thing basks in the mutagenic energy and changes!
You are very lightly contaminated with residual magic.
The white very ugly thing is engulfed in noxious fumes.
The white very ugly thing gores you!
* * * LOW HITPOINT WARNING * * *
The white very ugly thing freezes you!!
You die...

▓▓▓▓▓▓▓▓▓▓▓▓▓▓▓▓▓▓▓▓
...▓...▓...▓...▓.○.▓
.▓.▓.▓.▓.▓.▓.▓.▓§▓§▓
.▓.▓.▓.▓.▓.▓.▓.▓u▓.▓
.▓.▓.▓.▓.▓)▓.▓.▓@▓u▓
.▓.▓.▓.▓.▓.▓.▓.▓.▓.▓
.▓.▓.▓)▓.▓.▓.▓.▓.▓.▓
.▓.▓.▓.▓.▓.▓.▓.▓.▓.▓
.▓'▓.▓)▓.▓.▓.▓.▓.▓.▓
.▓.▓.▓[▓.▓(▓.▓.▓.▓.▓
.▓.▓.▓.▓.▓'▓.▓.▓.▓.▓
.▓.▓.▓.▓.▓=▓.▓.▓.▓.▓
.▓.▓.▓.▓.▓=▓.▓.▓.▓.▓


You could see a white very ugly thing.

Vanquished Creatures
  A fire giant (D)
  Aizul (D)
  A very ugly thing (D)
  2 stone giants (D)
  Azrael (D)
  An ettin (D)
  3 eleionomae (D)
  A yaktaur captain (D)
  2 fire dragons (D)
  2 hydras (D)
  Erolcha (D)
  Harold (D)
  A rakshasa (D)
  A great orb of eyes (D)
  A boulder beetle (D)
  2 ogre magi (D)
  A two-headed ogre (D)
  2 deep troll earth magi (D)
  2 tengu warriors (D)
  Nergalle (D)
  A skeletal warrior (D)
  A glowing orange brain (D)
  A spriggan druid (D)
  A necromancer (D)
  9 orc sorcerers (D)
  2 orc knights (D)
  An ugly thing (D)
  A cyclops (D)
  A will-o-the-wisp (D)
  A cyclops (shapeshifter) (D)
  An elephant (shapeshifter) (D)
  4 cane toads (D)
  2 komodo dragons (D)
  A yaktaur (D)
  2 rime drakes (D)
  A troll (D)
  A hornet (D)
  2 tyrant leeches (D)
  2 slime creatures (D)
  A blink frog (D)
  A spriggan (D)
  A vampire (D)
  A redback (D)
  A human (shapeshifter) (D)
  3 fire elementals (D)
  3 basilisks (D)
  A wyvern (D)
  3 vampire mosquitoes (D)
  3 hell hounds (D)
  4 water moccasins (D)
  9 orc warriors (D)
  2 ice beasts (D)
  A sky beast (D)
  A wolf (D)
  5 bullfrogs (D)
  A howler monkey (D)
  3 orc priests (D)
  8 orc wizards (D)
  An adder (D)
  An adder skeleton (D)
  A leopard gecko (D)
  8 orcs (D)
  2 bats (D)
  2 giant cockroaches (D)
  A hobgoblin (D)
  A ball python skeleton (D)
  A goblin (D)
  A jackal skeleton (D)
  A quokka zombie (D)
135 creatures vanquished.

Vanquished Creatures (collateral kills)
  Gastronok (D)
  A vampire mosquito (D)
  A bullfrog (D)
3 creatures vanquished.

Vanquished Creatures (others)
  A bloated husk (D)
  An orc wizard (D)
  2 blocks of ice (D)
  A foxfire (D)
5 creatures vanquished.

Grand Total: 143 creatures vanquished

Notes
Turn   | Place    | Note
-------+----------+-------------------------------------------
     0 | D        | MordorOrchid the Kobold Air Elementalist began the quest
                  | for the Orb.
     0 | D        | Reached XP level 1. HP: 10/10 MP: 3/3
     6 | D        | Reached skill level 3 in Spellcasting
    14 | D        | Banished a spatial maelstrom
    15 | D        | Reached skill level 4 in Spellcasting
   135 | D        | Noticed a howler monkey
   138 | D        | Reached XP level 2. HP: 15/15 MP: 4/7
   148 | D        | Reached skill level 1 in Fighting
   148 | D        | Reached skill level 5 in Spellcasting
   148 | D        | Reached XP level 3. HP: 20/20 MP: 0/9
   153 | D        | Reached XP level 4. HP: 27/27 MP: 1/11
   159 | D        | Found a roughly hewn altar of Beogh.
   159 | D        | Found a snail-covered altar of Cheibriados.
   159 | D        | Found a shadowy altar of Dithmenos.
   160 | D        | Found a white marble altar of Elyvilon.
   161 | D        | Found a blossoming altar of Fedhas.
   162 | D        | Found an opulent altar of Gozag.
   163 | D        | Found a hazy altar of Hepliaklqana.
   164 | D        | Found a viscous altar of Jiyva.
   165 | D        | Found an ancient bone altar of Kikubaaqudgha.
   166 | D        | Found a corrupted altar of Lugonu.
   167 | D        | Found a burning altar of Makhleb.
   168 | D        | Found a sparkling altar of Nemelex Xobeh.
   169 | D        | Found an iron altar of Okawaru.
   170 | D        | Found a stormy altar of Qazlal.
   171 | D        | Found a sacrificial altar of Ru.
   172 | D        | Found a shimmering blue altar of Sif Muna.
   173 | D        | Found a bloodstained altar of Trog.
   174 | D        | Found a hide-covered altar of Uskayaw.
   175 | D        | Found a radiant altar of Vehumet.
   176 | D        | Found an ornate altar of the Wu Jian Council.
   177 | D        | Became a worshipper of Sif Muna the Loreminder
   178 | D        | Found a shimmering altar of Xom.
   179 | D        | Found a basalt altar of Yredelemnul.
   180 | D        | Found a glowing silver altar of Zin.
   181 | D        | Found a glowing golden altar of the Shining One.
   238 | D        | Learned a level 2 spell: Swiftness
   243 | D        | Learned a level 4 spell: Airstrike
   244 | D        | Noticed an orc warrior
   244 | D        | Noticed a sky beast
   245 | D        | Noticed a wyvern
   258 | D        | Noticed an ice beast
   258 | D        | Killed an orc warrior
   258 | D        | Reached skill level 6 in Spellcasting
   258 | D        | Reached XP level 5. HP: 32/32 MP: 10/14
   277 | D        | Killed a sky beast
   277 | D        | Reached * piety under Sif Muna
   277 | D        | Reached skill level 7 in Spellcasting
   277 | D        | Reached XP level 6. HP: 21/37 MP: 8/16
   292 | D        | Killed a wyvern
   292 | D        | Reached skill level 10 in Dodging
   292 | D        | Reached skill level 8 in Spellcasting
   292 | D        | Reached skill level 5 in Conjurations
   292 | D        | Reached XP level 7. HP: 16/41 MP: 8/18
   302 | D        | Learned a level 5 spell: Lightning Bolt
   497 | D        | Reached ** piety under Sif Muna
   497 | D        | Reached skill level 1 in Invocations
   497 | D        | Reached skill level 5 in Evocations
   596 | D        | Reached skill level 5 in Air Magic
   600 | D        | Noticed a two-headed ogre
   602 | D        | Reached *** piety under Sif Muna
   602 | D        | Noticed a troll
   604 | D        | Killed a troll
   604 | D        | Reached skill level 5 in Fighting
   604 | D        | Reached skill level 9 in Spellcasting
   604 | D        | Reached XP level 8. HP: 31/49 MP: 18/21
   606 | D        | Killed a two-headed ogre
   606 | D        | Reached skill level 10 in Spellcasting
   606 | D        | Reached skill level 5 in Invocations
   606 | D        | Reached XP level 9. HP: 17/54 MP: 15/23
   933 | D        | Noticed a cane toad
   933 | D        | Noticed a komodo dragon
   934 | D        | Noticed a rime drake
   936 | D        | Reached **** piety under Sif Muna
   938 | D        | Killed a rime drake
   938 | D        | Noticed a six-headed hydra
   939 | D        | Noticed a cane toad
   942 | D        | Killed a cane toad
   942 | D        | Reached skill level 10 in Air Magic
   942 | D        | Killed a komodo dragon
   942 | D        | Reached skill level 11 in Spellcasting
   943 | D        | Killed a cane toad
   944 | D        | Reached skill level 10 in Conjurations
   945 | D        | Killed a six-headed hydra
   945 | D        | Reached skill level 12 in Spellcasting
   945 | D        | Reached XP level 10. HP: 37/59 MP: 5/26
  1063 | D        | Reached ***** piety under Sif Muna
  1063 | D        | Received a gift from Sif Muna
  1074 | D        | Learned a level 4 spell: Summon Lightning Spire
  1079 | D        | Learned a level 4 spell: Summon Ice Beast
  1147 | D        | Reached skill level 1 in Summonings
  1147 | D        | Reached skill level 1 in Ice Magic
  1148 | D        | Noticed an eight-headed hydra
  1287 | D        | Noticed a rime drake
  1412 | D        | Killed an eight-headed hydra
  1413 | D        | Killed a rime drake
  1534 | D        | Noticed a komodo dragon
  1624 | D        | Killed a komodo dragon
  1624 | D        | Identified Sif Muna's Disquisition on Confrontation and
                  | Ignition (Sif Muna gifted it to you in the Dungeon)
  1624 | D        | Received a gift from Sif Muna
  1633 | D        | Learned a level 5 spell: Irradiate
  1637 | D        | Learned a level 3 spell: Mephitic Cloud
  1804 | D        | Noticed a cane toad
  1809 | D        | Reached XP level 11. HP: 66/66 MP: 11/27
  1810 | D        | Reached skill level 1 in Transmutations
  1890 | D        | Identified Nesiqawa's Incunabulum of Confrontation (Sif
                  | Muna gifted it to you in the Dungeon)
  1890 | D        | Received a gift from Sif Muna
  1890 | D        | Reached skill level 5 in Ice Magic
  1892 | D        | HP: 2/67 [cane toad (13)]
  1894 | D        | Reached skill level 5 in Summonings
  2176 | D        | Learned a level 6 spell: Freezing Cloud
  2224 | D        | Noticed Erolcha
  2228 | D        | Killed Erolcha
  2364 | D        | Noticed Gastronok
  2382 | D        | Killed Gastronok
  2382 | D        | Reached skill level 13 in Spellcasting
  2533 | D        | Noticed an orc knight
  2537 | D        | Killed an orc knight
  2537 | D        | Reached skill level 5 in Transmutations
  2538 | D        | Noticed an ettin
  2558 | D        | Killed an ettin
  2558 | D        | Identified Sif Muna's Collected Works on the Birds (Sif
                  | Muna gifted it to you in the Dungeon)
  2558 | D        | Received a gift from Sif Muna
  2589 | D        | Noticed an orc knight
  2601 | D        | Killed an orc knight
  2601 | D        | Reached skill level 14 in Spellcasting
  2753 | D        | Identified Sif Muna's Grimoire of Shifting Confrontation
                  | (Sif Muna gifted it to you in the Dungeon)
  2753 | D        | Received a gift from Sif Muna
  2772 | D        | Reached XP level 12. HP: 73/73 MP: 2/30
  2781 | D        | Learned a level 6 spell: Statue Form
  3040 | D        | Identified Sif Muna's Almanac of Viperous Clay (Sif Muna
                  | gifted it to you in the Dungeon)
  3040 | D        | Received a gift from Sif Muna
  3040 | D        | Reached skill level 15 in Spellcasting
  3040 | D        | Reached skill level 1 in Earth Magic
  3050 | D        | Noticed a sun demon
  3060 | D        | Found Pigeikuv's Armour Emporium.
  3063 | D        | Reached skill level 5 in Earth Magic
  3063 | D        | Identified Sif Muna's Collected Works on Flamy
                  | Weightlessness (Sif Muna gifted it to you in the Dungeon)
  3063 | D        | Received a gift from Sif Muna
  3176 | D        | Found Cily's Book Shoppe.
  3179 | D        | Found Sydoigod's Jewellery Emporium.
  3181 | D        | Found Ycael's Distillery.
  3186 | D        | Bought a potion of heal wounds for 55 gold pieces
  3186 | D        | Bought a potion of heal wounds for 55 gold pieces
  3186 | D        | Bought a potion of heal wounds for 55 gold pieces
  3196 | D        | Bought a book of Annihilations for 1104 gold pieces
  3200 | D        | Bought a potion of invisibility for 88 gold pieces
  3200 | D        | Bought a potion of mutation for 88 gold pieces
  3200 | D        | Bought a potion of lignification for 33 gold pieces
  3200 | D        | Bought a potion of flight for 33 gold pieces
  3200 | D        | Bought a potion of berserk rage for 55 gold pieces
  3200 | D        | Bought 2 potions of lignification for 66 gold pieces
  3200 | D        | Bought a potion of might for 44 gold pieces
  3202 | D        | Bought a cursed amulet of inaccuracy for 20 gold pieces
  3264 | D        | Noticed Harold
  3275 | D        | Killed Harold
  3275 | D        | Reached skill level 15 in Dodging
  3463 | D        | Noticed a fire crab
  3465 | D        | a fire crab changed into a cyclops
  3465 | D        | Noticed a skeletal warrior
  3482 | D        | Killed a skeletal warrior
  3482 | D        | Reached skill level 10 in Transmutations
  3571 | D        | Identified Sif Muna's Reference Book on Confrontation and
                  | the Rocks (Sif Muna gifted it to you in the Dungeon)
  3571 | D        | Received a gift from Sif Muna
  3661 | D        | Noticed a deep troll earth mage
  3669 | D        | Killed a deep troll earth mage
  3711 | D        | Noticed a rakshasa
  3723 | D        | Killed a rakshasa
  3723 | D        | Reached skill level 10 in Earth Magic
  3842 | D        | Noticed a fire giant
  3847 | D        | Killed a fire giant
  3847 | D        | Reached XP level 13. HP: 21/79 MP: 22/32
  4101 | D        | Noticed a stone giant
  4107 | D        | Killed a stone giant
  4238 | D        | Noticed a stone giant
  4245 | D        | Killed a stone giant
  4456 | D        | Noticed a great orb of eyes
  4459 | D        | Killed a great orb of eyes
  4733 | D        | Noticed Azrael
  4741 | D        | Identified Sif Muna's Volume of Harmful Flames (Sif Muna
                  | gifted it to you in the Dungeon)
  4741 | D        | Received a gift from Sif Muna
  4784 | D        | Killed Azrael
  4784 | D        | Reached skill level 10 in Fighting
  5032 | D        | Noticed an eleionoma
  5032 | D        | Noticed an eleionoma
  5042 | D        | Noticed an eleionoma
  5043 | D        | Noticed Nergalle
  5046 | D        | Killed an eleionoma
  5046 | D        | Identified Sif Muna's Collected Works on Moulding and Earth
                  | (Sif Muna gifted it to you in the Dungeon)
  5046 | D        | Received a gift from Sif Muna
  5046 | D        | Reached skill level 10 in Ice Magic
  5050 | D        | Killed an eleionoma
  5051 | D        | Killed an eleionoma
  5051 | D        | Noticed Aizul
  5055 | D        | Killed Nergalle
  5058 | D        | Killed Aizul
  5176 | D        | Noticed a boulder beetle
  5190 | D        | Killed a boulder beetle
  5196 | D        | Identified Sif Muna's Volume of the Ensnaring Glacier (Sif
                  | Muna gifted it to you in the Dungeon)
  5196 | D        | Received a gift from Sif Muna
  5429 | D        | Noticed a fire dragon
  5433 | D        | Reached XP level 14. HP: 88/88 MP: 12/33
  5464 | D        | Reached skill level 1 in Short Blades
  5469 | D        | Reached skill level 16 in Spellcasting
  5488 | D        | Identified Sif Muna's Volume of Cloudy Clay (Sif Muna
                  | gifted it to you in the Dungeon)
  5488 | D        | Received a gift from Sif Muna
  5708 | D        | Reached skill level 15 in Ice Magic
  5876 | D        | Noticed a white very ugly thing
  5878 | D        | Noticed a green very ugly thing
  5879 | D        | Reached skill level 17 in Spellcasting
  5888 | D        | Killed a cyan very ugly thing
  5924 | D        | Demolished by a white very ugly thing

Illustrated notes

Levels and vault maps discovered:
D:        linesprint [early_d, line_temple, items_1, d_10, items_2, lair_1,
          lair_end, items_3, orc_1, orc_end, items_4, d_15, swamp_1, shoals_1,
          snake_1, spider_1, d_20, vaults_1, items_5, swamp_end, shoals_end,
          snake_end, spider_end, vaults_end, d_27, items_6, zot_1, zot_end,
          crypt_end, forest_end, elf_end, slime_end, tomb_end, abyss_end,
          pan_hell_end]

Skill      XL: |  1  2  3  4  5  6  7  8  9 10 11 12 13 14 |
---------------+-------------------------------------------+-----
Spellcasting   | 4 5 6 7 8 9 10 12 14 15 17 | 17.4
Fighting       | 1 2 3 5 6 8 10 | 10.0
Dodging        | 3 4 7 8 10 11 13 15 | 15.0
Stealth        | 3 |  3.0
Conjurations   | 2 4 5 7 8 10 12 | 12.0
Evocations     | 3 4 5 |  5.0
Air Magic      | 6 8 11 12 | 12.0
Invocations    | 3 5 |  5.0
Summonings     | 3 6 |  6.0
Ice Magic      | 4 6 7 14 15 | 15.2
Transmutations | 6 10 12 | 12.0
Earth Magic    | 10 12 | 12.0
Short Blades   | 4 |  4.0

Action                   |  1- 3 |  4- 6 |  7- 9 | 10-12 | 13-15 || total
-------------------------+-------+-------+-------+-------+-------++-------
Melee: Club              |    10 |       |       |       |       ||    10
       Rapier            |       |    26 |     6 |    21 |    33 ||    86
Throw: Boomerang         |       |       |       |     6 |       ||     6
 Cast: Shock             |    12 |     3 |    15 |       |       ||    30
       Airstrike         |       |     1 |     1 |    60 |    42 ||   104
       Swiftness         |       |     1 |       |       |       ||     1
       Lightning Bolt    |       |       |     5 |    82 |    39 ||   126
       Summon Lightning  |       |       |       |    16 |    10 ||    26
       Mephitic Cloud    |       |       |       |    19 |    18 ||    37
       Irradiate         |       |       |       |     1 |     3 ||     4
       Absolute Zero     |       |       |       |     1 |     1 ||     2
       Summon Ice Beast  |       |       |       |     1 |       ||     1
       Freezing Cloud    |       |       |       |       |     6 ||     6
       Statue Form       |       |       |       |       |     4 ||     4
Invok: Channel Magic     |       |       |     1 |    19 |     8 ||    28
       Divine Exegesis   |       |       |       |     1 |     1 ||     2
Evoke: Wand              |       |     2 |     6 |       |     1 ||     9
  Use: Potion            |     3 |     2 |       |     1 |       ||     6
       Scroll            |       |       |       |     3 |     1 ||     4
 Stab: Invisible         |       |     2 |       |       |       ||     2
       Sleeping          |       |     1 |     2 |       |       ||     3
       Confused          |       |       |       |     1 |     3 ||     4
Armor: Robe              |     1 |     4 |     1 |     4 |     2 ||    12
       Skin              |       |       |       |       |     9 ||     9
Dodge: Dodged            |    15 |    27 |    26 |    66 |    76 ||   210

Table legend: (Time is in decaauts)
 A = Elapsed time spent in this place.
 B = Non-inter-level travel time spent in this place.
 C = Inter-level travel time spent in this place.
 D = Time resting spent in this place.
 E = Time spent auto-exploring this place.
 F = Levels seen in this place.
 G = Mean time per level.
                   A        B        C        D        E       F      G
               +--------+--------+--------+--------+--------+-----+--------+
         Total |   6035 |   6035 |      0 |   4108 |      0 |   1 | 6035.0 |
       Dungeon |   6035 |   6035 |      0 |   4108 |      0 |   1 | 6035.0 |
               +--------+--------+--------+--------+--------+-----+--------+

Top non-repeatable levels by time:
       D: 6035 daAuts
